 Dungeon Crawl Stone Soup version 0.20-a0-1078-g4874019 (webtiles) character file.

620 FastMan the Cleaver (level 7, -16/94 HPs)
             Began as a Minotaur Berserker on May 1, 2017.
             Was a Priest of Trog.
             Demolished by Pikel
             ... wielding a +0 whip of electrocution
              (20 damage)
             ... on level 4 of the Dungeon.
             The game lasted 00:01:45 (2228 turns).

FastMan the Cleaver (Minotaur Berserker)            Turns: 2228, Time: 00:01:45

Health: -16/94     AC:  8    Str: 28    XL:     7   Next: 22%
Magic:  6/6        EV: 11    Int:  4    God:    Trog [***...]
Gold:   65         SH:  0    Dex: 10    Spells: 6/6 levels left

rFire    . . .     SeeInvis .   b - +0 battleaxe
rCold    . . .     Gourm    .   (shield currently unavailable)
rNeg     . . .     Faith    .   r - +0 scale mail
rPois    .         Spirit   .   (helmet restricted)
rElec    .         Reflect  .   (no cloak)
rCorr    .         Harm     .   j - +0 pair of gloves
MR       .....                  q - +0 pair of boots
Stlth    ..........             (no amulet)
Regen    0.3/turn               (no ring)
MPRegen  0.1/turn               (no ring)

@: berserking, very quick
A: retaliatory headbutt, horns 2
a: Berserk, Trog's Hand, Burn Spellbooks, Renounce Religion


You were on level 4 of the Dungeon.
You worshipped Trog.
Trog was most pleased with you.
You were hungry.

You visited 1 branch of the dungeon, and saw 4 of its levels.

You collected 65 gold pieces.

Inventory:

Hand Weapons
 a - a +0 hand axe
 b - a +0 battleaxe (weapon)
Armour
 j - a +0 pair of gloves (worn)
 q - a +0 pair of boots (worn)
 r - a +0 scale mail (worn)
Jewellery
 t - an uncursed amulet of guardian spirit {unknown}
Scrolls
 d - 6 scrolls of identify {unknown}
 e - 5 scrolls of teleportation {unknown}
 i - 3 scrolls of remove curse {unknown}
 m - a scroll of amnesia {unknown}
 o - a scroll of fog {unknown}
 p - a scroll of blinking {unknown}
Potions
 f - a potion of brilliance {unknown}
 h - 4 potions of curing {unknown}
 k - a potion of heal wounds {unknown}
 l - a potion of mutation {unknown}
Comestibles
 c - 2 bread rations {@e1}
 g - 2 meat rations {@e2}
 n - 4 fruits {@e4}
 s - 24 chunks of flesh


   Skills:
 - Level 6.2 Fighting
 * Level 8.7 Axes
 - Level 2.4 Armour
 - Level 2.1 Dodging


You had 6 spell levels left.
You didn't know any spells.

Dungeon Overview and Level Annotations

Branches:
Dungeon (4/15)
 Temple: D:4-7

Altars:
Gozag
Uskayaw
Vehumet
Zin

Annotations:
D:4 Pikel


Innate Abilities, Weirdness & Mutations

You reflexively headbutt those who attack you in melee.
You have a pair of horns on your head.


Message History

You are electrocuted!
* * * LOW HITPOINT WARNING * * *
A dart slug comes into view.
You are too injured to fight recklessly!
You hit Pikel.
Pikel is almost dead.
You slash the slave! The slave misses you. You furiously retaliate!
You headbutt the slave. Pikel barely misses you.
You are too injured to fight recklessly!
You are too injured to fight recklessly!
You closely miss Pikel. Your headbutt misses Pikel.
Pikel is almost dead.
You closely miss the slave. You barely miss Pikel.
Pikel is almost dead.
You slice the slave!!
You kill the slave!
That felt strangely unrewarding.
Pikel hits you but does no damage.
You are electrocuted!
You die...

....#.#.......#..
.....................#
.#.##..########......
..........#.#.?.....# .
.#.##.......#.......##..
.+..........#...........
.#.....##...#.........#
....#..##+#.#..[[[....+
....#..#....w...@K....#
.......#.....#...[....#
.......#.....#.########
.##....+ ....#.....#
..#....###...#.....########
.......##....#............#
.......##...<.............#
#......##.................#
.......##.................#


You could see Pikel and a dart slug.

Vanquished Creatures
  Eustachio (D:4)
  4 slaves (D:4)
  Blork the orc (D:4)
  A scorpion (D:4)
  An orc priest (D:4)
  3 worker ants (D:4)
  Natasha (thrice) (D:2)
  An orc wizard (D:4)
  A hound skeleton (D:4)
  Robin (D:4)
  3 adders
  An ooze (D:3)
  3 worms
  A dart slug (D:2)
  5 leopard geckos
  10 orcs
  9 bats
  5 giant cockroaches
  12 goblins
  11 hobgoblins
  9 jackals
  2 kobolds
  3 frilled lizards
  A jackal skeleton (D:4)
  5 rats
97 creatures vanquished.

Notes
Turn   | Place    | Note
-------+----------+-------------------------------------------
     0 | D:1      | FastMan the Minotaur Berserker began the quest for the Orb.
     0 | D:1      | Reached XP level 1. HP: 19/19 MP: 0/0
   115 | D:1      | Reached skill level 4 in Axes
   167 | D:1      | Reached XP level 2. HP: 27/27 MP: 1/1
   747 | D:2      | Reached XP level 3. HP: 24/33 MP: 2/2
   767 | D:2      | Reached ** piety under Trog
   899 | D:2      | Noticed Natasha
   905 | D:2      | Killed Natasha
   905 | D:2      | Reached skill level 5 in Axes
   942 | D:2      | Noticed Natasha
   950 | D:2      | Killed Natasha
   950 | D:2      | Reached XP level 4. HP: 31/41 MP: 3/3
  1009 | D:2      | Noticed Natasha
  1014 | D:2      | Killed Natasha
  1089 | D:3      | Found a radiant altar of Vehumet.
  1118 | D:3      | Reached skill level 6 in Axes
  1166 | D:3      | Reached XP level 5. HP: 35/47 MP: 4/4
  1208 | D:3      | Found a glowing silver altar of Zin.
  1208 | D:3      | Found an opulent altar of Gozag.
  1287 | D:3      | Reached skill level 5 in Fighting
  1642 | D:4      | Noticed Eustachio
  1655 | D:4      | Killed Eustachio
  1655 | D:4      | Reached skill level 7 in Axes
  1655 | D:4      | Reached XP level 6. HP: 51/57 MP: 5/5
  1658 | D:4      | Noticed a dagger
  1660 | D:4      | Noticed a hand axe
  1664 | D:4      | Found a hide-covered altar of Uskayaw.
  1674 | D:4      | Reached *** piety under Trog
  1921 | D:4      | Noticed Blork the orc
  1934 | D:4      | Killed Blork the orc
  1934 | D:4      | Reached skill level 8 in Axes
  1981 | D:4      | Reached XP level 7. HP: 61/63 MP: 6/6
  2029 | D:4      | Noticed Robin
  2040 | D:4      | Killed Robin
  2214 | D:4      | Noticed Pikel
  2225 | D:4      | HP: 3/94 [Pikel/whip of electrocution (8)]
  2228 | D:4      | Demolished by Pikel

Vault maps used:
D:1:      dpeg_arrival_court
D:2:      uniq_natasha
D:3:      grunt_temple_overflow_gold_and_silver, vehumet_crystals,
          lemuel_doored_altar, minmay_randomly_rotated_circles
D:4:      dancing_weapons_uskayaw, gammafunk_temple_overflow_pools, first_bread,
          uniq_blork_the_orc, uniq_eustachio, uniq_pikel, uniq_robin

Skill      XL: |  1  2  3  4  5  6 |
---------------+-------------------+-----
Axes           | 4 5 6 7 8 |  8.7
Fighting       | 4 5 6 |  6.2
Armour         | |  2.4
Dodging        | |  2.1

Action                   |  1- 3 |  4- 6 |  7- 9 || total
-------------------------+-------+-------+-------++-------
Melee: Hand axe          |    57 |   100 |       ||   157
       Headbutt          |     9 |    20 |     3 ||    32
       Battleaxe         |       |     5 |    33 ||    38
Invok: Berserk           |       |     3 |     1 ||     4
 Stab: Sleeping          |     1 |       |       ||     1
  Eat: Chunk             |       |     6 |     1 ||     7
Armor: Animal skin       |    13 |    10 |       ||    23
       Scale mail        |       |    22 |    27 ||    49
Dodge: Dodged            |    35 |    52 |    32 ||   119
